 Dungeon Crawl Stone Soup version 0.26.1-12-g5ba1501909 (webtiles) character file.

Game seed: 2777588762964362455

32 Zeld the Chucker (level 3, -3/35 HPs)
             Began as a Troll Hunter on Oct 28, 2021.
             Slain by an adder (4 damage)
             ... on level 2 of the Dungeon.
             The game lasted 00:02:08 (1173 turns).

Zeld the Chucker (Troll Hunter)                     Turns: 1173, Time: 00:02:08

Health: -3/35      AC:  6    Str: 21    XL:     3   Next: 8%
Magic:  2/2        EV: 10    Int:  7    God:
Gold:   64         SH:  0    Dex: 10    Spells: 2/2 levels left

rFire    . . .     SeeInvis .   a - +0 club
rCold    . . .     Faith    .   (no shield)
rNeg     . . .     Spirit   .   b - +0 robe
rPois    .         Reflect  .   (helmet restricted)
rElec    .         Harm     .   (no cloak)
rCorr    .         Rampage  .   (gloves unavailable)
Will     .....                  (boots unavailable)
Stlth    +.........             (no amulet)
HPRegen  0.51/turn              (no ring)
MPRegen  0.08/turn              (no ring)

@: lethally poisoned (-3 -> -5)
A: large, unfitting armour, claws 3, regeneration 1, shaggy fur 1, tough skin 3
a: no special abilities


You were on level 2 of the Dungeon.
You visited 1 branch of the dungeon, and saw 2 of its levels.

You collected 64 gold pieces.

Inventory:

Hand Weapons
 a - a +0 club (weapon)
Missiles
 c - 5 large rocks (quivered)
 d - 2 throwing nets
Armour
 b - a +0 robe (worn)
Scrolls
 g - 2 scrolls of remove curse {unknown}
 i - a scroll of identify {unknown}
 j - a scroll of magic mapping {unknown}
 k - a scroll of amnesia {unknown}
Potions
 e - a potion of experience {unknown}
 f - a potion of lignification {unknown}
 h - 2 potions of might {unknown}
 l - a potion of curing {unknown}


   Skills:
 * Level 2.0 Fighting
 * Level 0.5 Maces & Flails
 * Level 3.9 Throwing
 + Level 1.8 Dodging
 + Level 0.6 Stealth


You had 2 spell levels left.
You didn't know any spells.
Your spell library was empty.

Dungeon Overview and Level Annotations

Branches:
Dungeon (2/15)

Altars:
Trog


Innate Abilities, Weirdness & Mutations

You are too large for most types of armour.
You have claws for hands.
Your natural rate of healing is unusually fast.
You are covered in fur. (AC +1)
You have extremely tough skin. (AC +3)


Message History

* * * LOW HITPOINT WARNING * * *
The adder bites you but does no damage.
You hit the adder.
The adder is heavily wounded.
You feel sick. The adder closely misses you.
The adder bites you but does no damage.
You hit the adder.
The adder is severely wounded.
You feel sick. The adder bites you.
* * * LOW HITPOINT WARNING * * *
You miss the adder.
The adder is severely wounded.
* * * LOW HITPOINT WARNING * * *
You feel sick. The adder bites you but does no damage. The adder bites you.
* * * LOW HITPOINT WARNING * * *
You hit the adder.
The adder is almost dead.
* * * LOW HITPOINT WARNING * * *
You feel sick. The adder bites you.
You die...

#....<..#
..#.#####.#######. #.#.#
#........... # #.#.#
#.#.########
#.####.#.###.#.######
....................####
#............#..........
#...#.#####.####.####
#..S@..# #.# #.#
......##..# #.# #.#
..... #..####.# #.# ###.
#.......####.## #
##.####.†.....#
#.####.#####.# #......#
.# ######.# .. #.# .##


You could see an adder.

Vanquished Creatures
  An ooze (D:1)
  2 dart slugs (D:1)
  2 giant cockroaches
  6 goblins
  2 jackals (D:1)
  2 bats (D:1)
  A frilled lizard (D:1)
  3 kobolds (D:1)
  4 rats
23 creatures vanquished.

Notes
Turn   | Place    | Note
-------+----------+-------------------------------------------
     0 | D:1      | Zeld the Troll Hunter began the quest for the Orb.
     0 | D:1      | Reached XP level 1. HP: 19/19 MP: 0/0
   154 | D:1      | Reached XP level 2. HP: 28/28 MP: 1/1
   668 | D:2      | Reached XP level 3. HP: 35/35 MP: 2/2
   746 | D:2      | Noticed a moth of wrath
   750 | D:2      | Found a bloodstained altar of Trog.
  1172 | D:2      | HP: 1/35 [adder (1)]
  1173 | D:2      | Slain by an adder

Illustrated notes

Levels and vault maps discovered:
D:1:      ebering_hopf_link, layout_loops_ring
D:2:      layout_loops_ring, lemuel_blue_sif_altar,
          chequers_ecumenical_altar_simple, tgw_trog

Skill      XL: |  1  2 |
---------------+-------+-----
Fighting       | 2 |  2.0
Maces & Flails | |  0.5
Throwing       | |  3.9
Dodging        | |  1.8
Stealth        | |  0.6

Action                   || total
-------------------------++-------
Melee: Unarmed           ||    54
       Club              ||    27
 Stab: Sleeping          ||     2
Armor: Robe              ||    37
Dodge: Dodged            ||    37
